AoeStats
← eloycorsob

Arena

509874490Analyzed
4v4 RM · 5d ago on Sep 28, 2026· 46m 26s· 8 players
Game mode
Random Map
Map size
Large (8 player)
Population
200
Speed
Normal
Resources
Standard
Victory
Conquest
Starting age
Dark Age
Ending age
Imperial Age
RankedLock teamsTeams togetherTeam positionsShared explorationLock speedFull tech treeHidden civsTurbo modeCheats
Victory
Defeat
🇨🇿 Teutons · Czechia
672
+12
🇨🇿 Varangians · Czechia
651
+13
🇪🇸 Chinese · Spain
588
+16
🇫🇷 Khmer · France
578
+16
🇯🇵 Hindustanis · Japan
643
-17
🇮🇩 Saxons · Indonesia
638
-16
🇵🇪 Byzantines · Peru
546
-13
🇨🇭 Khmer · Switzerland
511
-11
zibo4074
0:46 Loom
11:39 Feudal Age
13:17 Double-Bit Axe
14:46 Horse Collar
20:14 Castle Age
18:37 Man-at-Arms
19:40 Stone Mining
22:11 Bow Saw
22:05 Heavy Plow
25:36 Wheelbarrow
26:31 Gambesons
27:45 Town Watch
28:24 Caravan
28:31 Squires
28:17 Arson
29:26 Forging
29:18 Scale Mail Armor
29:18 Padded Archer Armor
29:44 Gold Mining
30:31 Stone Shaft Mining
30:14 Hand Cart
32:09 Town Patrol
35:09 Imperial Age
32:54 Masonry
33:06 Ballistics
34:48 Ironclad
34:54 Heated Shot
35:19 Fortified Wall
35:28 Chain Mail Armor
35:48 Iron Casting
35:05 Fletching
35:30 Leather Archer Armor
35:21 Scale Barding Armor
35:23 Elite Skirmisher
36:44 Onager
38:39 Chemistry
37:25 Arrowslits
38:39 Hoardings
37:36 Sappers
38:27 Crenellations
40:07 Crop Rotation
41:23 Conscription
46:04 Elite Teutonic Knight
47:25 Plate Mail Armor
47:55 Blast Furnace
46:51 Bodkin Arrow
47:29 Ring Archer Armor
47:19 Chain Barding Armor
48:06 Two-Man Saw
ttoommaass300
11:00 Feudal Age
11:10 Feudal Age
13:15 Horse Collar
16:07 Castle Age
14:44 Double-Bit Axe
15:40 Loom
18:06 Wheelbarrow
17:20 Loom
18:10 Bow Saw
22:02 Hand Cart
24:59 Heavy Plow
27:08 Scale Barding Armor
27:15 Forging
28:27 Town Watch
33:16 Imperial Age
31:37 Pikeman
32:18 Squires
33:35 Ballistics
33:29 Padded Archer Armor
33:19 Fletching
34:06 Iron Casting
33:32 Scale Mail Armor
36:03 Halberdier
36:40 Elite Jarl
46:16 Chain Barding Armor
45:54 Bodkin Arrow
46:17 Chain Mail Armor
46:23 Leather Archer Armor
eloycorsob
2:45 Loom
11:29 Feudal Age
12:44 Horse Collar
18:03 Wheelbarrow
20:43 Castle Age
18:55 Gold Mining
19:34 Double-Bit Axe
19:44 Stone Mining
22:28 Crossbowman
23:13 Heavy Plow
23:34 Bow Saw
24:34 Gold Shaft Mining
24:35 Stone Shaft Mining
25:23 Padded Archer Armor
25:26 Fletching
27:18 Caravan
28:41 Thumb Ring
33:35 Great Wall
36:39 Imperial Age
39:22 Heated Shot
40:34 Chemistry
39:55 Ballistics
39:20 Arbalester
40:10 Elite Chu Ko Nu
41:27 Bodkin Arrow
41:48 Leather Archer Armor
44:15 Rocketry
45:15 Hand Cart
46:03 Two-Man Saw
46:24 Conscription
j55/tyl777
7:42 Loom
15:43 Feudal Age
18:53 Castle Age
16:57 Double-Bit Axe
17:44 Horse Collar
18:48 Stone Mining
18:49 Gold Mining
20:27 Wheelbarrow
22:59 Bow Saw
25:19 Hand Cart
28:07 Heavy Plow
30:43 Gold Shaft Mining
30:45 Stone Shaft Mining
30:01 Town Watch
33:39 Forging
33:35 Scale Barding Armor
32:54 Light Cavalry
33:46 Bloodlines
33:37 Husbandry
33:46 Town Patrol
37:10 Imperial Age
40:00 Iron Casting
39:16 Fletching
39:47 Chain Barding Armor
38:49 Hussar
44:43 Plate Barding Armor
45:09 Blast Furnace
44:06 Bodkin Arrow
44:45 Elite Battle Elephant
Calthar
12:27 Feudal Age
13:51 Wheelbarrow
13:13 Gold Mining
14:19 Stone Mining
14:37 Double-Bit Axe
17:25 Horse Collar
23:09 Castle Age
21:32 Scale Mail Armor
24:01 Bow Saw
23:59 Heavy Plow
25:20 Gold Shaft Mining
27:36 Hand Cart
29:21 Stone Shaft Mining
29:06 Caravan
29:39 Coinage
32:56 Loom
35:49 Imperial Age
35:19 Forging
35:25 Chain Mail Armor
35:16 Scale Barding Armor
35:03 Fletching
35:14 Padded Archer Armor
35:42 Tusk Swords
38:39 Double Crossbow
39:02 Conscription
38:11 Elite Ballista Elephant
40:26 Iron Casting
40:13 Chain Barding Armor
lycandros
7:09 Loom
13:02 Feudal Age
16:06 Man-at-Arms
26:02 Castle Age
25:44 Wheelbarrow
24:54 Horse Collar
25:20 Gold Mining
25:39 Stone Mining
26:23 Light Cavalry
27:10 Heavy Plow
27:03 Double-Bit Axe
29:05 Husbandry
33:47 Hand Cart
37:40 Imperial Age
42:11 Cavalier
Jawaharlal NEHRU
10:07 Loom
11:53 Feudal Age
13:45 Double-Bit Axe
17:39 Castle Age
17:11 Horse Collar
20:39 Gold Mining
22:11 Bow Saw
22:04 Heavy Plow
21:50 Crossbowman
24:43 Wheelbarrow
23:55 Town Watch
25:03 Gold Shaft Mining
24:24 Stone Mining
24:29 Fletching
24:39 Padded Archer Armor
26:01 Fortified Wall
25:37 Pikeman
29:00 Forging
29:03 Thumb Ring
30:43 Ballistics
30:34 Masonry
31:04 Fervor
33:33 Caravan
33:48 Grand Trunk Road
35:06 Hand Cart
34:51 Town Patrol
35:30 Bloodlines
35:22 Husbandry
35:44 Squires
37:17 Bodkin Arrow
37:24 Scale Mail Armor
37:34 Scale Barding Armor
40:35 Imperial Age
41:04 Onager
41:13 Heavy Camel Rider
43:01 Iron Casting
42:48 Chain Barding Armor
BlueGuardian
11:26 Feudal Age
11:56 Double-Bit Axe
11:52 Horse Collar
18:39 Castle Age
16:36 Gold Mining
16:36 Stone Mining
17:20 Stone Mining
18:28 Wheelbarrow
18:58 Scale Mail Armor
19:10 Forging
20:15 Heavy Plow
20:26 Bow Saw
22:47 Pikeman
23:29 Treadmill Crane
26:35 Squires
27:13 Iron Casting
30:37 Chain Mail Armor
31:14 Hand Cart
33:55 Imperial Age
31:42 Fletching
32:54 Bodkin Arrow
33:32 Ballistics
33:27 Gambesons
35:14 Plate Mail Armor
34:27 Shield Wall
36:53 Elite Hearth Troop
39:40 Conscription
39:58 Redemption
42:05 Elite Varangian Guard
Connection lost

Rejoining the realm…

Still unreachable

The connection could not be restored.

Session expired

The server has moved on; the page needs a fresh start.